 Dungeon Crawl Stone Soup version 0.28.0-53-g5a82cb258f (webtiles) character file.

Game seed: 5490051721797478126

3565 fuccboisucc420 the Covered (level 9, -10/63 HPs)
             Began as a Demonspawn Abyssal Knight on July 21, 2022.
             Was an Elder of Lugonu.
             Killed from afar by a steam dragon (13 damage)
             ... with a ball of steam
             ... on level 8 of the Dungeon.
             The game lasted 00:34:05 (8367 turns).

fuccboisucc420 the Covered (DsAK)                   Turns: 8367, Time: 00:34:05

Health: -10/63     AC: 17    Str: 27    XL:     9   Next: 84%
Magic:  10/10      EV:  8    Int: 11    God:    Lugonu [****..]
Gold:   313        SH:  9    Dex: 17    Spells: 8/8 levels left

rFire   x . .      SeeInvis .   d - +10 dagger "Mexor" {drain, Str+8}
rCold   + . .      Faith    .   m - +3 buckler {reflect}
rNeg    . . .      Spirit   .   t - +0 plate armour
rPois   .          Reflect  +   (no helmet)
rElec   .          Harm     .   q - +1 cloak
rCorr   .          Rampage  .   o - +0 pair of gloves
Will    .....                   h - +0 pair of boots
Stlth   ..........              (no amulet)
HPRegen 0.20/turn               j - ring of ice
MPRegen 0.12/turn               (no ring)

@: marked
A: claws 1, thin skeletal structure 2, spiny 2
a: Renounce Religion, Depart the Abyss, Bend Space, Banish, Corrupt


You were on level 8 of the Dungeon.
You worshipped Lugonu.
Lugonu was greatly pleased with you.
You visited 2 branches of the dungeon, and saw 9 of its levels.
You visited the Abyss 1 time.

You collected 313 gold pieces.

Inventory:

Hand Weapons
 a - a +2 spectral mace
 c - a +2 quarterstaff of chaos
 d - the +10 dagger "Mexor" (weapon) {drain, Str+8}
   (You found it on level 5 of the Dungeon)

   A truly terrible weapon, it drains the life of any living foe it strikes.
   Str:       It affects your strength (+8).
 s - the +5 hand axe of Womug {antimagic, Int+3 Dex+2}
   (You took it off an orc on level 5 of the Dungeon)

   It reduces the magical energy of the wielder, and disrupts the spells and
   magical abilities of those it strikes.
   Natural abilities and divine invocations are not affected.
   Int:       It affects your intelligence (+3).
   Dex:       It affects your dexterity (+2).
 x - a +4 whip of venom
Missiles
 n - 104 stones
 r - a throwing net (quivered)
Armour
 h - a +0 pair of boots (worn)
 m - a +3 buckler of reflection (worn)
 o - a +0 pair of gloves (worn)
 q - a +1 cloak (worn)
 t - a +0 plate armour (worn)
Jewellery
 j - a ring of ice (left hand)
Wands
 i - a wand of polymorph (3)
 k - a wand of paralysis (17)
Scrolls
 b - 3 scrolls of silence
 e - 2 scrolls of teleportation
 l - 3 scrolls of amnesia
 u - a scroll of blinking
 v - a scroll of vulnerability
Potions
 g - 3 potions of curing


   Skills:
 - Level 3.0 Fighting
 + Level 5.7 Short Blades
 + Level 5.5 Maces & Flails
 + Level 1.3 Throwing
 + Level 6.6 Armour
 + Level 3.6 Dodging
 + Level 4.0 Stealth
 + Level 5.3 Shields
 - Level 0.1 Unarmed Combat
 - Level 2.4 Invocations
 - Level 0.8 Evocations


You had 8 spell levels left.
You didn't know any spells.
Your spell library contained the following spells:

 Spells                   Type           Power      Damage    Failure   Level
 Blink                    Tloc           0%         N/A       100%        2
 Lesser Beckoning         Tloc           0%         N/A       100%        3
 Manifold Assault         Tloc           0%         N/A       100%        5


Dungeon Overview and Level Annotations

Branches:
Dungeon (8/15)             Temple (1/1) D:6
   Lair: D:8-11

Altars:
Ashenzari
Cheibriados
Elyvilon
Hepliaklqana
Makhleb
Nemelex Xobeh
Qazlal
Sif Muna
Uskayaw
Wu Jian
Xom
Zin
The Shining One

Annotations:
D:8 Harold


Innate Abilities, Weirdness & Mutations

You have sharp fingernails.
You have a moderately thin skeletal structure. (Dex +4, Stealth++)
You are mostly covered in sharp spines.


Message History

The steam dragon barely misses you. You block the steam dragon's attack.
Harold hits you with a +0 flail. The steam dragon breathes steam at you.
The ball of steam hits you!! The steam scalds you terribly!
You are engulfed in a cloud of scalding steam.
* * * LOW HITPOINT WARNING * * *
Harold considers, "I think I'll use your bounty to get a horse ranch..."
Harold fires a harpoon shot at you. The harpoon shot hits you.
* * * LOW HITPOINT WARNING * * *
You are yanked forward by the harpoon shot.
The warg is engulfed in a cloud of scalding steam.
You block the warg's attack.
Blink to where?
Press: ? - help, Dir - move target
As you read the scroll of blinking, it crumbles to dust.
Harold casts a spell at you. A sentinel's mark forms upon you.
Found 12 gold pieces and 22 sling bullets.
A wight comes into view. It is wielding a +0 scimitar.
You see here 12 gold pieces.
Okay, then.
You are too injured to fight recklessly!
You see here 22 sling bullets.
Harold casts a spell at you. The mark upon you grows brighter.
You puncture the warg! You drain the warg.
The warg is heavily wounded.
The warg is struck by your spines. The warg bites you but does no damage.
The warg is struck by your spines. The warg bites you!
* * * LOW HITPOINT WARNING * * *
You puncture the warg!
You kill the warg!
Lugonu accepts your kill. Harold fires a harpoon shot at you.
The harpoon shot hits you but does no damage.
There is an open door here.
The steam dragon breathes steam at you. The ball of steam hits you!
The steam scalds you terribly!
You die...

≈≈..........# #..###........
......##.##.# #.>###########
.z..@.##.##.# #....#
.........##.# #....#
.........$#.# #....#
...≈≈.....#.# #....#
.≈≈≈≈.###+#.# #....############
...≈≈...$(..# #...............#
...≈≈.......###§@.............#
....≈....@..D§§...............#
.......##z#####...........>...#
.......##.#.......#)###########
.......##.#.#####.#)#
.......##.#.#...#.#)#
..........#.#.#.#.#)#
###.#.#.#.#.# #.#<..#.#.#


There were no monsters in sight!

Vanquished Creatures
  2 gargoyles (D:8)
  A wyvern (D:7)
  Eustachio (D:4)
  2 wargs (D:8)
  A water moccasin (D:5)
  Duvessa (D:6)
  An ice beast (D:4)
  2 orc warriors (D:7)
  A sky beast (D:6)
  4 centaurs
  A phantom (D:5)
  4 kobold brigands
  4 scorpions
  4 bullfrogs
  Dowan (D:6)
  A howler monkey (D:5)
  A centaur zombie (D:5)
  2 hounds
  A centaur skeleton (D:5)
  A gnoll shaman (D:7)
  2 orc priests
  Crazy Yiuf (D:4)
  Natasha (thrice) (D:4)
  3 iguanas
  Ijyb (D:3)
  A hound zombie (D:5)
  A hound skeleton (D:4)
  A howler monkey zombie (D:7)
  4 gnolls (D:7)
  5 adders
  A shadow imp (D:7)
  An ufetubus (D:5)
  An adder skeleton (D:5)
  2 worms
  14 orcs
  6 endoplasms
  2 giant cockroaches
  2 goblins (D:2)
  5 hobgoblins
  11 jackals
  4 quokkas (D:1)
  8 ball pythons
  7 bats
  5 frilled lizards
  19 kobolds
  6 rats
152 creatures vanquished.

Vanquished Creatures (collateral kills)
  A worm (D:6)
1 creature vanquished.

Vanquished Creatures (others)
  10 plants
10 creatures vanquished.

Grand Total: 163 creatures vanquished

Notes
Turn   | Place    | Note
-------+----------+-------------------------------------------
     0 | Abyss:1  | fuccboisucc420 the Demonspawn Abyssal Knight began the
                  | quest for the Orb.
     0 | Abyss:1  | Reached XP level 1. HP: 18/18 MP: 2/2
     1 | D:1      | Escaped the Abyss
    89 | D:1      | Reached * piety under Lugonu
   235 | D:1      | Reached skill level 2 in Armour
   393 | D:1      | Gained mutation: You have sharp fingernails. [demonic
                  | ancestry]
   393 | D:1      | Reached XP level 2. HP: 24/24 MP: 3/3
   409 | D:1      | Reached skill level 1 in Dodging
  1222 | D:2      | Reached XP level 3. HP: 20/29 MP: 4/4
  2095 | D:3      | Reached ** piety under Lugonu
  2146 | D:3      | Noticed Ijyb
  2156 | D:3      | Paralysed by Ijyb for 5 turns
  2161 | D:3      | Killed Ijyb
  2162 | D:3      | Reached XP level 4. HP: 30/35 MP: 5/5
  2216 | D:3      | Reached skill level 3 in Armour
  2982 | D:3      | Gained mutation: You are partially covered in sharp spines.
                  | [demonic ancestry]
  2982 | D:3      | Reached XP level 5. HP: 34/41 MP: 6/6
  3314 | D:4      | Gained mutation: You have a somewhat thin skeletal
                  | structure. (Dex +2, Stealth+) [demonic ancestry]
  3314 | D:4      | Reached XP level 6. HP: 46/47 MP: 7/7
  3549 | D:4      | Noticed Eustachio
  3562 | D:4      | Killed Eustachio
  3563 | D:4      | Reached skill level 4 in Armour
  3563 | D:4      | Reached skill level 1 in Stealth
  3806 | D:4      | Noticed Natasha
  3819 | D:4      | Killed Natasha
  3862 | D:5      | Entered Level 5 of the Dungeon
  3880 | D:4      | Noticed an ice beast
  3896 | D:4      | Killed an ice beast
  3897 | D:4      | Gained mutation: You have a moderately thin skeletal
                  | structure. (Dex +4, Stealth++) [demonic ancestry]
  3897 | D:4      | Reached XP level 7. HP: 45/52 MP: 8/8
  3915 | D:4      | Found a runed translucent door.
  3916 | D:4      | Noticed Crazy Yiuf
  3924 | D:4      | Killed Crazy Yiuf
  4367 | D:4      | Noticed Natasha
  4385 | D:4      | Reached *** piety under Lugonu
  4390 | D:4      | Killed Natasha
  4391 | D:4      | Reached skill level 1 in Shields
  4755 | D:4      | Noticed Natasha
  4762 | D:4      | Killed Natasha
  4831 | D:5      | Identified the +10 dagger "Mexor" {drain, Str+8}
  4849 | D:5      | Reached skill level 5 in Maces & Flails
  5033 | D:5      | Reached XP level 8. HP: 58/58 MP: 9/9
  5065 | D:5      | Identified the +5 hand axe of Womug {antimagic, Int+3
                  | Dex+2}
  5077 | D:5      | Reached skill level 5 in Armour
  5201 | D:5      | Reached skill level 1 in Short Blades
  5681 | D:6      | Found a staircase to the Ecumenical Temple.
  5691 | Temple   | Entered the Ecumenical Temple
  6455 | D:6      | Noticed Duvessa
  6456 | D:6      | Noticed Dowan
  6461 | D:6      | Killed Dowan
  6474 | D:6      | Killed Duvessa
  6752 | D:7      | Gained mutation: You are mostly covered in sharp spines.
                  | [demonic ancestry]
  6752 | D:7      | Reached XP level 9. HP: 46/63 MP: 10/10
  6771 | D:7      | Reached skill level 1 in Throwing
  6792 | D:7      | Reached skill level 6 in Armour
  7099 | D:7      | Reached **** piety under Lugonu
  7731 | D:8      | Noticed a gargoyle
  7750 | D:8      | Killed a gargoyle
  7751 | D:8      | Reached skill level 5 in Short Blades
  7892 | D:8      | Noticed a gargoyle
  7906 | D:8      | Killed a gargoyle
  7907 | D:8      | Reached skill level 5 in Shields
  8340 | D:8      | Noticed Harold
  8363 | D:8      | HP: 2/63 [warg (10)]
  8367 | D:8      | Killed from afar by a steam dragon

Illustrated notes

Levels and vault maps discovered:
D:1:      kennysheep_arrival_seaside, layout_rooms
D:2:      layout_rooms
D:3:      layout_basic, minmay_liquid_box, uniq_ijyb
D:4:      layout_loops_corners, serial_forest, infiniplex_forest_straight_5,
          infiniplex_forest_clump_double, infiniplex_forest_lined_2,
          infiniplex_forest_clump_medium, infiniplex_forest_end_3,
          infiniplex_forest_straight_1, infiniplex_forest_straight_2,
          infiniplex_forest_end_2, uniq_eustachio, uniq_crazy_yiuf_cottage,
          uniq_natasha
D:5:      layout_loops_ring
D:6:      layout_loops_cross, minmay_temple_entry_ruins,
          cheibrodos_sewer_entry_bend, amcnicky_mini_rare_corridor_liquid,
          uniq_duvessa
D:7:      layout_basic
D:8:      cheibrodos_statue_roulette, layout_basic, erik_lair_orcish_takeover,
          chequers_serial_rivers_marsh, uniq_harold
Temple:   nicolae_temple_figure_eight

Skill      XL: |  1  2  3  4  5  6  7  8  9 |
---------------+----------------------------+-----
Maces & Flails | 2 3 4 5 |  5.5
Armour         | 2 3 4 5 6 |  6.6
Dodging        | 1 2 3 |  3.6
Stealth        | 1 3 4 |  4.0
Shields        | 1 3 5 |  5.3
Short Blades   | 3 5 |  5.7
Throwing       | 1 |  1.3
Fighting       | |  3.0
Unarmed Combat | |  0.1
Invocations    | |  2.4
Evocations     | |  0.8

Action                   |  1- 3 |  4- 6 |  7- 9 || total
-------------------------+-------+-------+-------++-------
Melee: Mace              |   114 |   106 |    22 ||   242
       Punch             |     1 |     1 |       ||     2
       Dagger            |       |       |   193 ||   193
       Unarmed           |       |       |     2 ||     2
Throw: Stone             |       |     1 |    12 ||    13
Invok: Depart the Abyss  |     1 |       |       ||     1
Evoke: Wand              |       |     2 |     2 ||     4
  Use: Potion            |     1 |     2 |     3 ||     6
       Scroll            |     3 |     3 |    11 ||    17
 Stab: Sleeping          |     1 |     2 |     5 ||     8
       Paralysed         |       |     6 |       ||     6
Armor: Leather armour    |    10 |       |       ||    10
       Ring mail         |    56 |    14 |       ||    70
       Scale mail        |       |     9 |    26 ||    35
       Plate armour      |       |       |    49 ||    49
Dodge: Dodged            |    92 |    47 |    67 ||   206
Block: Buckler           |       |    16 |    84 ||   100
       Reflection        |       |       |    12 ||    12
